 Dungeon Crawl Stone Soup version 0.32-a0-975-g85d4e5bfdb (webtiles) character file.

Game seed: 6581348940957648999

74 PriceMaster the Magician (level 4, -2/21 HPs)
             Began as a Spriggan Conjurer on Apr 19, 2024.
             Slain by a gnoll
             ... wielding a +0 spear
              (9 damage)
             ... on level 3 of the Dungeon.
             The game lasted 00:02:35 (3059 turns).

PriceMaster the Magician (Spriggan Conjurer)        Turns: 3059, Time: 00:02:35

Health: -2/21      AC:  3    Str:  3    XL:     4   Next: 10%
Magic:  1/10       EV:  8    Int: 19    God:
Gold:   135        SH:  0    Dex: 15    Spells: 7/10 levels left

rFire   . . .        m - +4 dagger
rCold   . . .        (no shield)
rNeg    . . .        a - +0 robe
rPois   .            (helmet restricted)
rElec   .            d - +0 cloak
rCorr   .            (gloves unavailable)
SInv    +            (boots unavailable)
Will    .....        (no amulet)
Stlth   ++           (no ring)
HPRegen 0.23/turn    (no ring)
MPRegen 0.12/turn

%: no passive effects
@: very slightly contaminated, held, very quick
A: very small, no large weapons, unfitting armour, see invisible, speed 3
a: no special abilities


You were on level 3 of the Dungeon.
You visited 1 branch of the dungeon, and saw 3 of its levels.

You collected 135 gold pieces.

Inventory:

Hand Weapons
 i - a +1 heavy flail
 m - a +4 dagger (weapon)
Armour
 a - a +0 robe (worn)
 d - a +0 cloak (worn)
Scrolls
 c - 5 scrolls of teleportation {unknown}
 g - a scroll of vulnerability {unknown}
 j - a scroll of torment {unknown}
 n - a scroll of amnesia {unknown}
 o - 3 scrolls of fear {unknown}
 p - a scroll of identify {unknown}
Potions
 b - a potion of heal wounds {unknown}
 e - 3 potions of berserk rage {unknown}
 f - a potion of resistance {unknown}
 h - 2 potions of haste {unknown}
 k - 2 potions of curing {unknown}
 l - a potion of enlightenment {unknown}
 q - 2 potions of mutation {unknown}


   Skills:
 + Level 3.1 Dodging
 + Level 3.1 Stealth
 + Level 3.8 Spellcasting
 + Level 3.7 Conjurations


You had 7 spell levels left.
You knew the following spells:

 Your Spells              Type           Power      Damage    Failure   Level
a - Magic Dart            Conj           68%        1d6       3%          1
b - Searing Ray           Conj           34%        2d5       4%          2

Your spell library contained the following spells:

 Spells                   Type           Power      Damage    Failure   Level
 Fulminant Prism          Conj/Alch      5%         3d6       54%         4
 Iskenderun's Mystic Bla Conj/Tloc 10%            2d4        (+2d2     54%         4


Dungeon Overview and Level Annotations

Branches:
Dungeon (3/15)

Altars:
Ashenzari
Ru
Vehumet


Innate Abilities, Weirdness & Mutations

You are very small and have problems with some larger weapons.
You are too small for most types of armour.
You have supernaturally acute eyesight. (SInv)
You cover ground extremely quickly. (Speed+++)


Message History

a +0 club; a goblin corpse A goblin comes into view.
It is wielding a +0 dagger.
A goblin is nearby!
The magic dart hits the goblin.
You kill the goblin!
No target in view!
A quokka comes into view.
A gnoll comes into view. It is wielding a +0 spear.
There are monsters nearby!
The magic dart hits the quokka.
The quokka is heavily wounded.
The magic dart hits the quokka.
You kill the quokka!
A gnoll comes into view.
It is wielding a +0 spear and quivering a throwing net.
There are monsters nearby!
The magic dart hits the gnoll.
The gnoll is heavily wounded.
The magic dart hits the gnoll.
You kill the gnoll!
You have reached level 4!
The magic dart hits the gnoll.
The gnoll is moderately wounded.
The gnoll throws a throwing net.
The throwing net hits you.
You become entangled in the net!
You miscast Magic Dart.
You are very lightly contaminated with residual magic.
Nothing appears to happen.
You miscast Magic Dart.
Nothing appears to happen.
The magic dart hits the gnoll.
The gnoll is severely wounded.
The magic dart hits the gnoll.
The gnoll is severely wounded.
The gnoll hits you from afar with a +0 spear.
You tear a large gash into the net.
The gnoll hits you from afar with a +0 spear.
You struggle against the net.
The gnoll hits you from afar with a +0 spear!
You struggle against the net.
The gnoll hits you from afar with a +0 spear!
You die...

#.
#.....##...........#...
..
#........#........##...
######.....###..#......
..........#.....##.##...
..#####.................
...########........##...
......#......##...###...
....)...#..#####........
....)g.@......#..#....†.
.........####...##......
.....#.#.# ###.........
.......... #.#.......
.......#... .........
.....####... .........
..... .#.. .#...... ....
###..


You could see a gnoll.

Vanquished Creatures
  An adder (D:2)
  A gnoll (D:3)
  A dart slug (D:1)
  3 ribbon worms (D:2)
  5 endoplasms
  7 goblins
  A hobgoblin (D:1)
  4 jackals (D:2)
  6 kobolds
  4 quokkas
  4 ball pythons
  2 bats
  A frilled lizard (D:3)
  6 rats
46 creatures vanquished.

Notes
Turn   | Place    | Note
-------+----------+-------------------------------------------
     0 | D:1      | PriceMaster the Spriggan Conjurer began the quest for the
                  | Orb.
     0 | D:1      | Reached XP level 1. HP: 9/9 MP: 5/5
   527 | D:1      | Reached XP level 2. HP: 13/13 MP: 3/6
   980 | D:1      | Learned a level 2 spell: Searing Ray
  1987 | D:2      | Found a sacrificial altar of Ru.
  2005 | D:2      | Reached XP level 3. HP: 16/16 MP: 5/8
  2894 | D:3      | Found a broken altar of Ashenzari.
  2911 | D:3      | Found a radiant altar of Vehumet.
  3052 | D:3      | Reached XP level 4. HP: 21/21 MP: 5/10
  3059 | D:3      | Slain by a gnoll

Illustrated notes

Levels and vault maps discovered:
D:1:      amcnicky_arrival_feature_with_door, layout_basic
D:2:      layout_basic, basic_altar
D:3:      layout_rooms, grunt_temple_overflow_open

Skill      XL: |  1  2  3 |
---------------+----------+-----
Conjurations   | 3 |  3.7
Spellcasting   | 3 |  3.8
Dodging        | 3 |  3.1
Stealth        | |  3.1

Action                     |  1- 3 |  4- 6 || total
---------------------------+-------+-------++-------
  Melee: Unarmed           |     5 |       ||     5
         Dagger            |    21 |       ||    21
   Cast: Magic Dart        |    87 |     3 ||    90
         Searing Ray       |     6 |       ||     6
    Use: Potion            |     1 |       ||     1
   Stab: Sleeping          |     1 |       ||     1
 Armour: Robe              |    15 |     4 ||    19
  Dodge: Dodged            |    36 |       ||    36

Table legend: (Time is in decaauts)
 A = Elapsed time spent in this place.
 B = Non-inter-level travel time spent in this place.
 C = Inter-level travel time spent in this place.
 D = Time resting spent in this place.
 E = Time spent auto-exploring this place.
 F = Levels seen in this place.
 G = Mean time per level.
                   A        B        C        D        E       F      G
               +--------+--------+--------+--------+--------+-----+--------+
         Total |   2347 |   2307 |     40 |    408 |   1566 |   3 |  782.3 |
       Dungeon |   2347 |   2307 |     40 |    408 |   1566 |   3 |  782.3 |
               +--------+--------+--------+--------+--------+-----+--------+

Top non-repeatable levels by time:
     D:2: 1447 daAuts
     D:1: 734 daAuts
     D:3: 165 daAuts
